 Dungeon Crawl Stone Soup version 0.31-a0-833-gc15d34cb79 (webtiles) character file.

Game seed: 14288853865870048622

429 javelincjr the Ruffian (level 6, -2/46 HPs)
             Began as a Demonspawn Shapeshifter on Sept 22, 2023.
             Slain by Maggie
             ... wielding a +0 glaive
              (4 damage)
             ... on level 7 of the Dungeon on Sept 25, 2023.
             The game lasted 00:12:32 (2221 turns).

javelincjr the Ruffian (Demonspawn Shapeshifter)    Turns: 2221, Time: 00:12:33

Health: -2/46      AC:  9    Str: 16    XL:     6   Next: 66%
Magic:  6/6        EV: 12    Int: 11    God:
Gold:   89         SH:  0    Dex: 13    Spells: 5/5 levels left

rFire   . . .        h - +5 mace (protect)
rCold   . . .        (no shield)
rNeg    . . .        a - +0 animal skin
rPois   .            (helmet currently unavailable)
rElec   .            (cloak currently unavailable)
rCorr   .            (gloves currently unavailable)
SInv    .            (boots currently unavailable)
Will    .....        (no amulet)
Stlth   +            o - ring of wizardry
HPRegen 0.27/turn    (no ring)
MPRegen 0.10/turn

%: wizardry (x1)
@: beast-form, under a protective aura
A: beast (slay +2), hooves 1, foul stench 2, condensation shield
a: Begin Untransformation


You were on level 7 of the Dungeon.
You were a hulking beast.
You visited 1 branch of the dungeon, and saw 5 of its levels.

You collected 108 gold pieces.
You spent 19 gold pieces at shops.

Inventory:

Hand Weapons
 e - a +1 vampiric dagger
 g - a +0 trident
 h - a +5 mace of protection (weapon)
Missiles
 f - 34 stones
 r - 7 boomerangs
Armour
 a - a +0 animal skin (worn)
 y - a +0 pair of gloves
Jewellery
 k - an amulet of faith
 o - a ring of wizardry (left hand)
Talismans
 c - a beast talisman (active)
 d - a flux talisman
 m - a dragon-blood talisman
Wands
 l - a wand of iceblast (11)
 q - a wand of flame (19)
Scrolls
 i - a scroll of summoning {unknown}
 j - a scroll of noise {unknown}
 s - 2 scrolls of enchant weapon {unknown}
 u - a scroll of enchant armour {unknown}
 w - 2 scrolls of fog {unknown}
 x - 3 scrolls of identify {unknown}
Potions
 b - a potion of lignification
 n - a potion of might
 t - a potion of enlightenment {unknown}
 v - a potion of resistance {unknown}


   Skills:
 + Level 2.8 Fighting
 + Level 2.0 Armour
 + Level 2.9 Dodging
 * Level 4.2 Unarmed Combat
 * Level 4.1 Shapeshifting


You had 5 spell levels left.
You didn't know any spells.
Your spell library contained the following spells:

 Spells                   Type           Power      Damage    Failure   Level
 Cigotuvi's Dreadful Rot  Necr/Pois/Air  0%         N/A       21%         2
 Ignite Poison            Fire/Tmut/Pois 0%         N/A       38%         3
 Freezing Cloud           Conj/Ice/Air   0%         6-21      98%         5


Dungeon Overview and Level Annotations

Branches:
Dungeon (4/15)
 Temple: D:4-7

Altars:

Shops:
D:2 *   D:4 (

Annotations:
D:7 Maggie


Innate Abilities, Weirdness & Mutations

You are a hulking beast.
Your limbs bulge with bestial killing power. (Slay +2)
You have large cloven feet.
You sometimes emit foul miasma when damaged in melee.
A meltable shield of frost defends you. (SH +0)


Message History

The phantom hits you.
You emit a cloud of foul miasma!
The phantom blinks!
You blink.
You barely miss the phantom. Your kick misses the phantom.
The phantom is almost destroyed.
A malevolent force fills the Dungeon...
You fall into a shaft and drop 3 floors!
The shaft crumbles and collapses.
Found a rapier, a blackened diamond ring and 7 stones.
Found an escape hatch in the ceiling.
o - a ring of wizardry
o - a ring of wizardry (left hand) HP restored.
Maggie the Vainglorious comes into view.
She is wielding a +0 glaive.
Maggie casts a spell.
Maggie attempts to bespell you!
You are mesmerised by Maggie!
Maggie says, "If you die in the Dungeon, but nobody's around to see it, does it really matter?"
Maggie hits you with a +0 glaive!!
You sock Maggie!
Your weapon exudes an aura of protection.
You kick Maggie.
Maggie is moderately wounded.
Maggie hits you with a +0 glaive!
You are too injured to fight recklessly!
You are too injured to fight recklessly!
You are too injured to fight recklessly!
You hit Maggie.
Maggie is moderately wounded.
Maggie barely misses you. Maggie hits you but does no damage.
You sock Maggie! Your kick misses Maggie.
Maggie is heavily wounded.
You break out of your daze.
Maggie casts a spell at you. The bolt of fire hits you!
Your condensation shield dissipates!
* * * LOW HITPOINT WARNING * * *
You closely miss Maggie. Your kick misses Maggie.
Maggie is heavily wounded.
Maggie closely misses you. Maggie hits you with a +0 glaive.
You die...

#.##########.#
#.# #.#
#######.# #.#
........####
#.#
##.........#
#.#
...).......#
#.#
...........#
#.#
(..........#
#.#
........h..#
#..
...<....@..#
#..
...........#
#..
.............
..........###
#..........
#...........
#............


You could see Maggie.

Vanquished Creatures
  An ogre (D:3)
  2 scorpions (D:4)
  3 hounds
  Ijyb (D:3)
  An iguana (D:4)
  3 adders
  A dart slug (D:3)
  6 orcs
  5 bats
  2 endoplasms
  6 goblins
  7 hobgoblins
  6 kobolds
  10 ball pythons
  A frilled lizard (D:2)
  5 rats
60 creatures vanquished.

Notes
Turn   | Place    | Note
-------+----------+-------------------------------------------
     0 | D:1      | javelincjr the Demonspawn Shapeshifter began the quest for
                  | the Orb.
     0 | D:1      | Reached XP level 1. HP: 15/15 MP: 1/1
   243 | D:1      | Gained mutation: You may rarely emit foul miasma when
                  | damaged in melee. [demonic ancestry]
   243 | D:1      | Reached XP level 2. HP: 21/21 MP: 2/2
   761 | D:2      | Gained mutation: You sometimes emit foul miasma when
                  | damaged in melee. [demonic ancestry]
   761 | D:2      | Reached XP level 3. HP: 14/26 MP: 3/3
  1125 | D:2      | Found Qopn's Assorted Antiques.
  1133 | D:2      | Bought a scroll labelled YBLAGG ONUECWA for 19 gold pieces
  1237 | D:2      | Upgraded the game from 0.31-a0-818-ge7c7cf74f0 to
                  | 0.31-a0-833-gc15d34cb79
  1332 | D:3      | Reached skill level 1 in Armour
  1332 | D:3      | Discovered your monstrous ancestry.
  1332 | D:3      | Gained mutation: You have large cloven feet. [demonic
                  | ancestry]
  1332 | D:3      | Reached XP level 4. HP: 32/33 MP: 4/4
  1553 | D:3      | Noticed Ijyb
  1554 | D:3      | Noticed an ogre
  1570 | D:3      | Killed Ijyb
  1572 | D:3      | Killed an ogre
  1573 | D:3      | Gained mutation: A meltable shield of frost defends you.
                  | (SH +0) [demonic ancestry]
  1573 | D:3      | Reached XP level 5. HP: 13/39 MP: 5/5
  1944 | D:4      | Reached XP level 6. HP: 33/46 MP: 6/6
  2091 | D:4      | Found Oqoazij's Antique Weapon Shop.
  2135 | D:4      | You fall into a shaft and drop 3 floors!
  2211 | D:7      | Noticed Maggie
  2220 | D:7      | HP: 2/46 [Maggie/bolt of fire (14)]
  2221 | D:7      | Slain by Maggie

Illustrated notes

Levels and vault maps discovered:
D:1:      matt_arrival_los_fun, layout_basic
D:2:      layout_rooms, serial_shops, shop, minmay_misc_feat_plants
D:3:      layout_basic, uniq_ijyb
D:4:      layout_rooms, serial_shops, kennysheep_mini_moat,
          grunt_decor_fettered, uniq_edmund
D:7:      layout_basic, serial_shops, nicolae_shop_trees, uniq_maggie

Skill      XL: |  1  2  3  4  5  6 |
---------------+-------------------+-----
Dodging        | 2 |  2.9
Unarmed Combat | 3 4 |  4.2
Shapeshifting  | 3 4 |  4.1
Armour         | 1 2 |  2.0
Fighting       | 2 |  2.8

Action                     |  1- 3 |  4- 6 || total
---------------------------+-------+-------++-------
  Melee: Unarmed           |    19 |       ||    19
         Mace              |    58 |    64 ||   122
         Kick              |       |    16 ||    16
         Punch             |       |     1 ||     1
    Use: Scroll            |     1 |       ||     1
         Potion            |       |     4 ||     4
   Stab: Sleeping          |     2 |       ||     2
 Armour: Animal skin       |    36 |    39 ||    75
  Dodge: Dodged            |    54 |    46 ||   100
  Block: Other             |       |     9 ||     9

Table legend: (Time is in decaauts)
 A = Elapsed time spent in this place.
 B = Non-inter-level travel time spent in this place.
 C = Inter-level travel time spent in this place.
 D = Time resting spent in this place.
 E = Time spent auto-exploring this place.
 F = Levels seen in this place.
 G = Mean time per level.
                   A        B        C        D        E       F      G
               +--------+--------+--------+--------+--------+-----+--------+
         Total |   2246 |   2177 |     69 |      0 |   1712 |   5 |  449.2 |
       Dungeon |   2246 |   2177 |     69 |      0 |   1712 |   5 |  449.2 |
               +--------+--------+--------+--------+--------+-----+--------+

Top non-repeatable levels by time:
     D:1: 717 daAuts
     D:3: 676 daAuts
     D:2: 555 daAuts
     D:4: 211 daAuts
     D:7: 86 daAuts
